 Dungeon Crawl Stone Soup version 0.28-a0-1241-gf280a0fbb2 (webtiles) character file.

Game seed: 13534578290358845690

5 Gargoyl the Skirmisher (level 1, -4/23 HPs)
             Began as a Gnoll Abyssal Knight on Dec 26, 2021.
             Was a Follower of Lugonu.
             Slain by an ancient zyme (13 damage)
             ... on level 1 of the Abyss.
             The game lasted 00:00:32 (470 turns).

Gargoyl the Skirmisher (Gnoll Abyssal Knight)        Turns: 470, Time: 00:00:33

Health: -4/23      AC:  3    Str: 12    XL:     1   Next: 80%
Magic:  3/3        EV: 12    Int:  9    God:    Lugonu [*.....]
Gold:   41         SH:  0    Dex: 12    Spells: 0/0 levels left

rFire   . . .      SeeInvis .   a - +1 hand axe
rCold   . . .      Faith    .   (no shield)
rNeg    . . .      Spirit   .   b - +0 leather armour
rPois   .          Reflect  .   (no helmet)
rElec   .          Harm     .   (no cloak)
rCorr   .          Rampage  .   (no gloves)
Will    .....                   (no boots)
Stlth   +.........              (no amulet)
HPRegen 0.00/turn               (no ring)
MPRegen 0.08/turn               (no ring)

@: sick
A: fangs 1, strong nose, distributed training
a: Renounce Religion, Depart the Abyss


You were on level 1 of the Abyss.
You worshipped Lugonu.
Lugonu was aware of your devotion.
You visited 0 branches of the dungeon, and saw 0 of its levels.
You visited the Abyss 1 time.

You collected 41 gold pieces.

Inventory:

Hand Weapons
 a - a +1 hand axe (weapon)
Armour
 b - a +0 leather armour (worn)


   Skills:
 + Level 6.4 Fighting
 + Level 0.1 Short Blades
 + Level 0.1 Long Blades
 + Level 4.4 Axes
 + Level 0.1 Maces & Flails
 + Level 0.1 Polearms
 + Level 0.1 Staves
 + Level 0.1 Slings
 + Level 0.1 Bows
 + Level 0.1 Crossbows
 + Level 0.1 Throwing
 + Level 4.4 Armour
 + Level 2.4 Dodging
 + Level 0.1 Stealth
 + Level 0.1 Shields
 + Level 0.1 Unarmed Combat
 + Level 0.1 Spellcasting
 + Level 0.1 Conjurations
 + Level 0.1 Hexes
 + Level 0.1 Summonings
 + Level 0.1 Necromancy
 + Level 0.1 Translocations
 + Level 0.1 Transmutations
 + Level 0.1 Fire Magic
 + Level 0.1 Ice Magic
 + Level 0.1 Air Magic
 + Level 0.1 Earth Magic
 + Level 0.1 Poison Magic
 + Level 4.4 Invocations
 + Level 0.1 Evocations


You couldn't memorise any spells.
You didn't know any spells.
Your spell library was empty.

Dungeon Overview and Level Annotations

Branches:
Dungeon (0/15)

Altars:


Innate Abilities, Weirdness & Mutations

You have very sharp teeth.
Your uncanny sense of smell can sniff out nearby items.
Your experience applies equally to all skills.


Message History

You hit the ufetubus but do no damage.
The ufetubus is heavily wounded.
The ufetubus completely misses you. The ufetubus misses you.
The ufetubus hits you but does no damage. x2
You miss the ufetubus.
The ufetubus is heavily wounded.
The ufetubus barely misses you. The ufetubus closely misses you.
You slash the ufetubus!
You kill the ufetubus!
A lurking horror comes into view.
You are suddenly pulled into a different region of the Abyss!
HP restored.
Found a hand axe.
You now have 27 gold pieces (gained 9).
You see here a +0 hand axe.
A large abomination comes into view.
You see here a +0 hand axe.
Found a glowing opal ring.
A large abomination comes into view.
A tentacled starspawn comes into view.
A tentacle flies out from the starspawn's body!
A starspawn tentacle comes into view.
A starspawn tentacle comes into view.
Found 14 gold pieces.
An ancient zyme comes into view.
You feel yourself growing ill in the presence of the ancient zyme.
Tentacles burst from the starspawn's body! 2 starspawn tentacles come into view.
The ancient zyme hits you but does no damage.
The ancient zyme misses you.
You feel ill. The ancient zyme hits you!
Ouch! That really hurt!
The ancient zyme barely misses you.
You feel ill.
You see here 14 gold pieces.
You now have 41 gold pieces (gained 14).
Unknown command.
You feel ill. The ancient zyme hits you!
Ouch! That really hurt!
You die...

...#.......# ∆
##..#.
#.X#....####
..#...
.#..##X...#
##..#... .
.....#.##..#..#..
. .##...##
X.....##. #.. .#.
..
#.#...###.##..#.
.. ..#
#.#..#.##.......
.#..# #........#
#.. #.#.#....x@#
.. .# .#.#.#...#∆
## .#...#...#..#
.#..###.#....#
..### ..#.##..#
.# #...## ###
#.## ..


You could see an ancient zyme and a large abomination.

Vanquished Creatures
  An ufetubus (Abyss:1)
1 creature vanquished.

Vanquished Creatures (others)
  4 starspawn tentacles (Abyss:1)
4 creatures vanquished.

Grand Total: 5 creatures vanquished

Notes
Turn   | Place    | Note
-------+----------+-------------------------------------------
     0 | Abyss:1  | Gargoyl the Gnoll Abyssal Knight began the quest for the
                  | Orb.
     0 | Abyss:1  | Reached XP level 1. HP: 23/23 MP: 3/3
    64 | Abyss:1  | Found a corrupted altar of Lugonu.
   415 | Abyss:1  | Noticed a large abomination
   448 | Abyss:1  | Noticed a large abomination
   453 | Abyss:1  | Noticed a tentacled starspawn
   462 | Abyss:1  | Noticed an ancient zyme
   470 | Abyss:1  | Slain by an ancient zyme

Illustrated notes

Levels and vault maps discovered:
Abyss:1:  base: Temple, grunt_abyss_exit_deep_breaths, base: Temple,
          hangedman_classic_abyss_death

Action                   || total
-------------------------++-------
Melee: Hand axe          ||     7
  Use: Scroll            ||     1
Armor: Leather armour    ||     5
Dodge: Dodged            ||    12

Table legend: (Time is in decaauts)
 A = Elapsed time spent in this place.
 B = Non-inter-level travel time spent in this place.
 C = Inter-level travel time spent in this place.
 D = Time resting spent in this place.
 E = Time spent auto-exploring this place.
 F = Levels seen in this place.
 G = Mean time per level.
                   A        B        C        D        E       F      G
               +--------+--------+--------+--------+--------+-----+--------+
         Total |    470 |    470 |      0 |      0 |    380 |   1 |  470.0 |
         Abyss |    470 |    470 |      0 |      0 |    380 |   1 |  470.0 |
               +--------+--------+--------+--------+--------+-----+--------+

Top non-repeatable levels by time:
 Abyss:1: 470 daAuts
